 Dungeon Crawl Stone Soup version 0.21.1-1-g345015f (webtiles) character file.

21 shakethe the Insei (level 2, -3/18 HPs)
             Began as an Octopode Transmuter on Feb 8, 2018.
             Slain by an adder (5 damage)
             ... on level 2 of the Dungeon.
             The game lasted 00:04:59 (1048 turns).

shakethe the Insei (Octopode Transmuter)            Turns: 1048, Time: 00:05:00

Health: -3/18      AC:  1    Str:  9    XL:     2   Next: 83%
Magic:  5/5        EV: 14    Int: 15    God:
Gold:   54         SH:  0    Dex: 17    Spells: 4/5 levels left

rFire    . . .     SeeInvis .     - Unarmed
rCold    + . .     Gourm    .   (no shield)
rNeg     . . .     Faith    .   (helmet restricted)
rPois    .         Spirit   .   (no amulet)
rElec    .         Reflect  .   e - ring of protection from cold
rCorr    .         Harm     .   f - +5 ring of dexterity
MR       .....                  (no ring)
Stlth    +++.......             (no ring)
HPRegen  0.06/turn              (no ring)
MPRegen  0.09/turn              (no ring)
                                (no ring)
                                (no ring)

@: lethally poisoned (-3 -> -10), slowed, very slow
A: almost no armour, stealthy swim, amphibious, 8 rings, constrict 8, camouflage
1, gelatinous body 1
a: no special abilities


You were on level 2 of the Dungeon.
You were hungry.

You visited 1 branch of the dungeon, and saw 2 of its levels.

You collected 54 gold pieces.

Inventory:

Missiles
 a - 34 arrows
Jewellery
 e - a ring of protection from cold (left tentacle)
 f - a +5 ring of dexterity (right tentacle)
Scrolls
 d - 3 scrolls of identify {unknown}
 j - 3 scrolls of magic mapping {unknown}
 k - a scroll of fog {unknown}
Potions
 g - 3 potions of curing {unknown}
 i - a potion of brilliance {unknown}
 l - a potion of lignification {unknown}
Books
 b - a book of Changes

   Spells                             Type                      Level
   a - Beastly Appendage              Transmutation                1
   b - Sticks to Snakes               Transmutation                2
   c - Spider Form                    Transmutation/Poison         3
   d - Ice Form                       Ice/Transmutation            4
   e - Blade Hands                    Transmutation                5
 h - a book of Cantrips

   Spells                             Type                      Level
   a - Confusing Touch                Hexes                        1
   b - Animate Skeleton               Necromancy                   1
   c - Summon Small Mammal            Summoning                    1
   d - Apportation                    Translocation                1
Comestibles
 c - 3 rations


   Skills:
 - Level 1.0 Fighting
 * Level 2.6 Dodging
 + Level 1.6 Stealth
 + Level 3.3 Unarmed Combat
 + Level 2.0 Spellcasting
 + Level 2.0 Transmutations


You had 4 spell levels left.
You knew the following spells:

 Your Spells              Type           Power        Failure   Level  Hunger
a - Beastly Appendage     Tmut           #.....       10%         1    #......


Dungeon Overview and Level Annotations

Branches:
Dungeon (2/15)

Altars:

Annotations:
D:2 Natasha


Innate Abilities, Weirdness & Mutations

You cannot wear most types of armour.
You are very stealthy in the water. (Stealth+)
You are amphibious.
You can wear up to eight rings at the same time.
You can use your tentacles to constrict eight enemies at once.
Your skin changes colour to match your surroundings (Stealth+).
Your rubbery body absorbs attacks. (AC +1, EV +1)


Message History

Natasha casts a spell at you.
You feel yourself slow down.
Natasha hisses.
An ooze comes into view.
Natasha mumbles some strange words.
Natasha glows brightly for a moment.
Natasha casts a spell.
An adder comes into view.
Natasha mumbles some strange words.
The adder hisses angrily.
The crimson imp blinks!
Natasha barely misses you. The adder bites you.
You are lethally poisoned!
The adder poisons you!
The shadow imp grinds its teeth.
You feel sick. Natasha claws you.
* * * LOW HITPOINT WARNING * * *
The adder bites you.
You die...

#.# #..#. #.# #..#.#### #.# ##...
..# #.# .... #.# #.#
##.####.###.######
##...##......##...#
#.#h....#.#.....#..
#@#.##......##...# ###########
##S###.#§#..###### #........(#
### #......# #<#######.# ##.###.#
#># #.# #.# #.# #.# #.# #.# #.#
#.## #†# #J# #.# ...####
#)############.###.####.#
.#....###.#.....................#


You could see Natasha and an adder.

Vanquished Creatures
  2 leopard geckos (D:1)
  A giant cockroach (D:1)
  A goblin (D:1)
  3 hobgoblins (D:1)
  6 bats
  A frilled lizard (D:1)
  3 kobolds
  3 rats (D:1)
20 creatures vanquished.

Notes
Turn   | Place    | Note
-------+----------+-------------------------------------------
     0 | D:1      | shakethe the Octopode Transmuter began the quest for the Orb.
     0 | D:1      | Reached XP level 1. HP: 13/13 MP: 3/3
    73 | D:1      | Reached skill level 1 in Stealth
   350 | D:1      | Reached XP level 2. HP: 17/18 MP: 3/5
  1024 | D:2      | Noticed a crimson imp
  1026 | D:2      | Noticed Natasha
  1045 | D:2      | Noticed a crimson imp
  1048 | D:2      | Slain by an adder

Skill      XL: |  1 |
---------------+----+-----
Stealth        | 1 |  1.6
Fighting       | |  1.0
Dodging        | |  2.6
Unarmed Combat | |  3.3
Spellcasting   | |  2.0
Transmutations | |  2.0

Action                   || total
-------------------------++-------
Melee: Unarmed           ||    33
       Tentacles         ||     6
       Constrict         ||    10
       Kick              ||     7
 Cast: Beastly Appendage ||    15
 Stab: Sleeping          ||     3
Armor: Skin              ||     1
Dodge: Dodged            ||    23
